 Dungeon Crawl Stone Soup version 0.19.4-10-g532645f (webtiles) character file.

10416 Snakechild the Fighter (level 11, -8/120 HPs)
             Began as an Ogre Berserker on Feb 24, 2017.
             Was a High Priest of Trog.
             Mangled by Sonja
             ... wielding a +2 dagger of distortion
              (16 damage)
             ... on level 11 of the Dungeon.
             The game lasted 01:32:01 (11457 turns).

Snakechild the Fighter (Ogre Berserker)            Turns: 11457, Time: 01:32:01

Health: -8/120     AC:  5    Str: 27    XL:     11   Next: 61%
Magic:  11/11      EV: 14    Int:  6    God:    Trog [*****.]
Gold:   581        SH:  0    Dex: 14    Spells: 0 memorised, 10 levels left

rFire  + . .     SeeInvis .     P - +4 great mace of the Skies Above {crush, Dex+5 Stlth-}
rCold  x . .     Gourm    .     b - +1 animal skin
rNeg   . . .     Faith    .     (shield currently unavailable)
rPois  .         Spirit   .     (helmet restricted)
rElec  .         Reflect  .     p - +0 cloak
rCorr  .         Harm     .     (gloves unavailable)
MR     +....                    (boots unavailable)
Stlth  +.........               k - amulet of magic regeneration
                                (no ring)
                                E - ring of fire

@: lethally poisoned (-8 -> -17), slowed, very slow
A: unfitting armour, tough skin 1
a: Berserk, Trog's Hand, Brothers in Arms, Burn Spellbooks, Renounce Religion


You were on level 11 of the Dungeon.
You worshipped Trog.
Trog was extremely pleased with you.
You were hungry.

You visited 1 branch of the dungeon, and saw 11 of its levels.

You collected 581 gold pieces.

Inventory:

Hand Weapons
 a - a +0 mace
 h - a +0 club
 l - a +0 hand axe
 m - a +2 short sword of draining
 n - a +0 mace
 o - a +4 quarterstaff of chaos
 q - a +0 mace
 s - a +0 great mace
 v - a +0 hunting sling
 y - a +0 giant club
 C - a +2 antimagic battleaxe
 F - a +0 flail of protection
 G - a +0 war axe
 H - a +0 battleaxe
 P - the +4 great mace of the Skies Above (weapon) {crush, Dex+5 Stlth-}
   (Trog gifted it to you on level 9 of the Dungeon)

   It inflicts extra damage upon your enemies.
   It affects your dexterity (+5).
   It makes you less stealthy.
 Y - a +2 mace of protection
Missiles
 d - 369 stones (quivered)
 e - 2 throwing nets
Armour
 b - a +1 animal skin (worn)
 j - a +0 large shield
 p - a +0 cloak (worn)
 D - a +0 robe
Magical Staves
 r - an uncursed staff of power {unknown}
 z - an uncursed staff of earth {unknown}
Jewellery
 k - an amulet of magic regeneration (around neck)
 E - a ring of fire (left hand)
 M - an uncursed ring of protection from fire {unknown}
 S - a cursed ring of teleportation {unknown}
 U - an uncursed ring of resist corrosion {unknown}
 V - an uncursed ring of ice
Wands
 I - a wand of iceblast (3/15)
 L - a wand of iceblast (4/15)
 O - a wand of heal wounds (0/9)
 W - a wand of flame (22/48)
 X - a wand of teleportation (3/9)
Scrolls
 i - 3 scrolls of fog
 t - 4 scrolls of teleportation
 w - 8 scrolls of remove curse
 x - 3 scrolls of blinking
 B - a scroll of recharging
Potions
 A - a potion of flight {unknown}
 R - a potion of haste
 T - a potion of magic
Books
 J - a book of Battle

   Spells                             Type                      Level
   a - Infusion                       Charms                       1
   b - Shroud of Golubria             Charms/Translocation         2
   c - Song of Slaying                Charms                       2
   d - Spectral Weapon                Hexes/Charms                 3
   e - Regeneration                   Charms/Necromancy            3
   Trog disapproves of the use of such an item.
 K - a book of Frost

   Spells                             Type                      Level
   a - Freeze                         Ice                          1
   b - Throw Frost                    Conjuration/Ice              2
   c - Ozocubu's Armour               Charms/Ice                   3
   d - Throw Icicle                   Conjuration/Ice              4
   e - Summon Ice Beast               Ice/Summoning                4
   Trog disapproves of the use of such an item.
 Q - a book of Minor Magic

   Spells                             Type                      Level
   a - Magic Dart                     Conjuration                  1
   b - Blink                          Translocation                2
   c - Call Imp                       Summoning                    2
   d - Repel Missiles                 Charms/Air                   2
   e - Slow                           Hexes                        2
   f - Conjure Flame                  Conjuration/Fire             3
   g - Mephitic Cloud                 Conjuration/Poison/Air       3
   Trog disapproves of the use of such an item.
Comestibles
 c - 6 bread rations
 f - 4 slices of pizza
 g - 5 meat rations
 u - a royal jelly


   Skills:
 + Level 11.0 Fighting
 + Level 0.4 Short Blades
 + Level 10.8(13.7) Maces & Flails
 + Level 10.3(11.3) Staves
 + Level 7.2 Dodging
 + Level 3.1 Stealth
 + Level 1.1 Shields


You had 10 spell levels left.
You didn't know any spells.

Dungeon Overview and Level Annotations

Branches:
Dungeon (11/15)            Temple (0/1) D:5            Lair (0/6) D:10
    Orc (0/2) D:9

Altars:
Dithmenos
Yredelemnul

Shops:
D:9 =

Annotations:
D:11 Sonja


Innate Abilities, Weirdness & Mutations

You are too large for most types of armour.
You have tough skin. (AC +1)


Message History

You feel very sick.
Sonja gestures wildly while chanting.
Sonja blinks!
Zapping:
O - a wand of heal wounds (will waste charges)
Press: ? - help, Shift-Dir - straight line, f - you You feel much better.
Evoking this partially-identified wand wasted a few charges.
You feel sick.
You feel sick.
Sonja hits you with an uncursed dagger of distortion.
* * * LOW HITPOINT WARNING * * *
Space bends around you.
* * * LOW HITPOINT WARNING * * *
Sonja hits you but does no damage. Space warps horribly around you!
* * * LOW HITPOINT WARNING * * *
Sonja hits you but does no damage.
Sonja hits you with an uncursed dagger of distortion!
* * * LOW HITPOINT WARNING * * *
Space warps horribly around you!
You die...

###########
#.........#
###.........#
...........#
#.........#
#.........#
#.(.@K....#
#.(.......#.
#.(.........
#...<.....##
#######.###
.# #


You could see Sonja.

Vanquished Creatures
  Fannar (D:10)
  Erica (D:9)
  2 hill giants (D:10)
  Pikel (D:7)
  Joseph (D:8)
  Maurice (D:8)
  Psyche (D:8)
  The ghost of WINT3RMUT3 the Firebug, a novice TeFE (D:5)
  2 two-headed ogres
  A hippogriff (D:10)
  Prince Ribbit (D:5)
  A vampire (D:10)
  2 yaks
  Edmund (D:5)
  The ghost of letownia the Conjurer, an amateur OpWz (D:4)
  2 phantoms
  6 orc warriors
  A sky beast (D:6)
  2 ice beasts
  A slave (D:7)
  A necrophage (D:7)
  3 centaurs
  5 ogres
  A crocodile (D:9)
  Blork the orc (D:5)
  2 big kobolds
  7 bullfrogs
  2 scorpions (D:8)
  5 killer bees (D:7)
  10 wights (D:8)
  2 howler monkeys
  4 crimson imps
  A quasit (D:8)
  2 bullfrog zombies
  A hound (D:5)
  4 orc priests
  11 orc wizards
  3 jellies
  Crazy Yiuf (D:2)
  3 bullfrog skeletons
  4 iguanas
  Ijyb (D:3)
  10 worker ants
  2 hound zombies
  2 howler monkey zombies
  11 gnolls
  A howler monkey skeleton (D:10)
  10 adders
  6 shadow imps
  An ooze (D:2)
  An adder skeleton (D:9)
  4 worms
  9 leopard geckos
  43 orcs
  5 giant cockroaches
  13 goblins
  7 hobgoblins
  12 jackals
  6 quokkas
  11 bats
  7 frilled lizards
  20 kobolds
  9 rats
294 creatures vanquished.

Vanquished Creatures (others)
  A slave (D:7)
1 creature vanquished.

Grand Total: 295 creatures vanquished

Notes
Turn   | Place    | Note
-------+----------+-------------------------------------------
     0 | D:1      | Snakechild the Ogre Berserker began the quest for the Orb.
     0 | D:1      | Reached XP level 1. HP: 24/24 MP: 1/1
   228 | D:1      | Reached XP level 2. HP: 28/32 MP: 2/2
   581 | D:1      | Reached ** piety under Trog
   706 | D:1      | Reached XP level 3. HP: 38/40 MP: 3/3
  1520 | D:2      | Found a runed door.
  1524 | D:2      | Noticed Crazy Yiuf
  1532 | D:2      | Killed Crazy Yiuf
  1532 | D:2      | Reached skill level 5 in Maces & Flails
  1532 | D:2      | Reached XP level 4. HP: 49/49 MP: 4/4
  2238 | D:3      | Reached skill level 1 in Shields
  2238 | D:3      | Reached XP level 5. HP: 34/55 MP: 5/5
  2378 | D:3      | Found a shadowy altar of Dithmenos.
  2532 | D:3      | Reached *** piety under Trog
  2536 | D:3      | Reached skill level 1 in Staves
  2945 | D:3      | Noticed Ijyb
  2950 | D:3      | Killed Ijyb
  3045 | D:4      | Noticed letownia's ghost (amateur OpWz)
  3135 | D:4      | Killed letownia's ghost
  3135 | D:4      | Reached skill level 5 in Fighting
  3135 | D:4      | Reached XP level 6. HP: 62/66 MP: 6/6
  3420 | D:4      | Reached XP level 7. HP: 72/72 MP: 7/7
  3773 | D:5      | Entered Level 5 of the Dungeon
  3773 | D:5      | Found a staircase to the Ecumenical Temple.
  3779 | D:5      | Noticed Blork the orc
  3923 | D:5      | Killed Blork the orc
  4016 | D:5      | Reached skill level 1 in Stealth
  4053 | D:5      | Reached skill level 6 in Fighting
  4053 | D:5      | Reached XP level 8. HP: 43/83 MP: 8/8
  4057 | D:5      | Noticed WINT3RMUT3's ghost (novice TeFE)
  4262 | D:5      | Killed WINT3RMUT3's ghost
  4335 | D:5      | Found a basalt altar of Yredelemnul.
  4420 | D:5      | Reached skill level 5 in Staves
  4478 | D:5      | Noticed Edmund
  4502 | D:5      | Killed Edmund
  4600 | D:5      | Reached skill level 5 in Dodging
  4699 | D:5      | Reached **** piety under Trog
  4746 | D:5      | Noticed Prince Ribbit
  4754 | D:5      | Killed Prince Ribbit
  4754 | D:5      | Reached skill level 7 in Fighting
  4964 | D:6      | Reached XP level 9. HP: 56/93 MP: 9/9
  5515 | D:6      | Reached skill level 8 in Fighting
  6501 | D:7      | Noticed Pikel
  6534 | D:7      | Killed Pikel
  6838 | D:7      | Reached XP level 10. HP: 91/106 MP: 10/10
  7044 | D:7      | Reached skill level 9 in Fighting
  8066 | D:8      | Noticed Maurice
  8105 | D:8      | Killed Maurice
  8390 | D:8      | Noticed Psyche
  8392 | D:8      | Noticed Joseph
  8393 | D:8      | Reached ***** piety under Trog
  8446 | D:8      | Killed Joseph
  8446 | D:8      | Reached skill level 10 in Fighting
  8452 | D:8      | Killed Psyche
  9215 | D:9      | Found Ocraitaj's Jewellery Shop.
  9264 | D:9      | Noticed Erica
  9276 | D:9      | Killed Erica
  9276 | D:9      | Reached skill level 10 in Staves
  9276 | D:9      | Reached XP level 11. HP: 107/119 MP: 11/11
  9318 | D:9      | Found a staircase to the Orcish Mines.
  9336 | D:9      | Received a gift from Trog
  9372 | D:9      | Got an ebony great mace {god gift}
  9378 | D:9      | Identified the +4 great mace of the Skies Above {crush, Dex+5 Stlth-} (Trog gifted it to you on level 9 of the Dungeon)
 10137 | D:10     | Entered Level 10 of the Dungeon
 10251 | D:10     | Found a staircase to the Lair.
 10323 | D:10     | Noticed Fannar
 10323 | D:10     | Noticed a hill giant
 10337 | D:10     | Killed Fannar
 10345 | D:10     | Killed a hill giant
 10346 | D:10     | HP: 3/119 [bullfrog (4)]
 10785 | D:10     | Reached skill level 10 in Maces & Flails
 11247 | D:10     | Noticed a hill giant
 11264 | D:10     | Killed a hill giant
 11264 | D:10     | Reached skill level 11 in Fighting
 11444 | D:11     | Noticed Sonja
 11455 | D:11     | HP: 5/120 [poisoned by Sonja (curare-tipped needle)]
 11457 | D:11     | Mangled by Sonja

Skill      XL: |  1  2  3  4  5  6  7  8  9 10 11 |
---------------+----------------------------------+-----
Dodging        | 3 4 5 6 7 |  7.2
Maces & Flails | 5 6 7 10 | 10.8
Shields        | 1 |  1.1
Staves         | 3 4 6 8 10 | 10.3
Fighting       | 5 6 7 8 10 11 | 11.0
Stealth        | 1 2 3 |  3.1
Short Blades   | |  0.4

Action                   |  1- 3 |  4- 6 |  7- 9 | 10-12 || total
-------------------------+-------+-------+-------+-------++-------
Melee: Mace              |    74 |       |       |       ||    74
       Club              |    76 |       |       |       ||    76
       Short sword       |    29 |     5 |       |       ||    34
       Quarterstaff      |       |   120 |   250 |   218 ||   588
       Giant club        |       |       |    27 |       ||    27
       Great mace        |       |       |       |   172 ||   172
Evoke: Wand              |       |       |       |     1 ||     1
  Use: Scroll            |     5 |     6 |     2 |     2 ||    15
       Potion            |     3 |     1 |     3 |     3 ||    10
 Stab: Sleeping          |     1 |       |       |       ||     1
       Confused          |       |     1 |     1 |       ||     2
       Paralysed         |       |       |       |     4 ||     4
  Eat: Bread ration      |     1 |     1 |     1 |     1 ||     4
       Meat ration       |       |       |     1 |     2 ||     3
       Beef jerky        |       |       |     1 |       ||     1
Armor: Animal skin       |    85 |    44 |    47 |    47 ||   223
Dodge: Dodged            |   122 |    70 |   119 |   225 ||   536
Block: Large shield      |    31 |     3 |       |       ||    34
